AoeStats
← 鄙人張麻子

African Clearing

504935846Analyzed
4v4 RM · 27d ago on Sep 7, 2026· 39m 56s· 8 players
Game mode
Random Map
Map size
Large (8 player)
Population
200
Speed
Normal
Resources
Standard
Victory
Conquest
Starting age
Dark Age
Ending age
Imperial Age
RankedLock teamsTeams togetherTeam positionsShared explorationLock speedFull tech treeHidden civsTurbo modeCheats
Victory
Defeat
🇨🇦 Romans · Canada
1254
+11
🇨🇦 Saracens · Canada
1250
+11
🇨🇦 Ethiopians · Canada
1246
+12
🇦🇷 Burgundians · Argentina
1225
+12
🇹🇼 Vietnamese · Taiwan
1175
-12
🇨🇳 Spanish · China
1143
-12
🇺🇸 Mongols · United States
1138
-11
🇹🇼 Huns · Taiwan
1129
-11
Monkey King
8:35 Loom
12:02 Loom
15:16 Feudal Age
20:13 Castle Age
TW_順仔
10:32 Loom
13:11 Feudal Age
17:37 Castle Age
15:55 Double-Bit Axe
18:03 Scale Barding Armor
17:56 Fletching
19:12 Padded Archer Armor
24:49 Bow Saw
24:29 Horse Collar
31:12 Wheelbarrow
32:06 Elite Skirmisher
33:32 Bodkin Arrow
38:20 Horse Collar
02281
3:45 Loom
15:25 Feudal Age
19:50 Castle Age
18:14 Stone Mining
19:22 Double-Bit Axe
19:33 Gold Mining
20:25 Town Watch
20:29 Horse Collar
22:38 Fletching
23:28 Bodkin Arrow
33:58 Husbandry
36:26 Bloodlines
37:10 Padded Archer Armor
38:49 Leather Archer Armor
鄙人張麻子
11:36 Loom
13:27 Feudal Age
14:54 Double-Bit Axe
17:22 Castle Age
15:22 Horse Collar
16:47 Fletching
18:16 Bow Saw
18:03 Bodkin Arrow
20:38 Town Watch
22:54 Husbandry
23:55 Bloodlines
25:40 Wheelbarrow
25:22 Padded Archer Armor
32:27 Ballistics
37:28 Imperial Age
35:14 Hand Cart
35:47 Leather Archer Armor
35:28 Stone Mining
35:30 Gold Mining
35:31 Stone Mining
36:03 Heavy Plow
36:11 Murder Holes
36:38 Town Patrol
37:21 Thumb Ring
38:14 Bracer
38:23 Elite Rattan Archer
40:33 Crop Rotation
Abhinav
6:49 Loom
13:23 Feudal Age
13:34 Feudal Age
15:14 Double-Bit Axe
17:33 Castle Age
16:11 Stone Mining
17:01 Horse Collar
18:34 Bow Saw
19:35 Wheelbarrow
19:13 Heavy Plow
21:50 Squires
21:39 Arson
22:31 Scale Mail Armor
23:53 Forging
24:58 Royal Heirs
25:29 Heavy Plow
26:37 Chain Mail Armor
28:18 Wheelbarrow
28:58 Iron Casting
30:07 Hand Cart
32:01 Gold Mining
32:07 Town Watch
35:24 Coinage
37:24 Hand Cart
37:10 Town Patrol
41:17 Imperial Age
40:01 Fletching
40:24 Masonry
AgRiMz
10:20 Loom
13:02 Feudal Age
17:30 Fletching
22:18 Padded Archer Armor
23:07 Wheelbarrow
22:27 Horse Collar
27:27 Castle Age
27:28 Crossbowman
28:05 Bodkin Arrow
28:25 Leather Archer Armor
30:06 Ballistics
31:40 Town Watch
33:43 Double-Bit Axe
34:39 Hand Cart
36:37 Heavy Plow
36:50 Bow Saw
36:33 Gold Mining
37:23 Stone Mining
38:11 Gold Shaft Mining
42:45 Imperial Age
Weafol
11:14 Loom
16:31 Feudal Age
15:15 Double-Bit Axe
21:25 Castle Age
sharmamehul
3:46 Loom
14:04 Feudal Age
18:04 Castle Age
15:59 Double-Bit Axe
17:38 Scale Barding Armor
20:07 Horse Collar
21:15 Wheelbarrow
20:44 Stone Mining
22:48 Fletching
24:15 Bodkin Arrow
24:43 Town Watch
26:39 Ballistics
26:30 Masonry
26:38 Bloodlines
26:28 Husbandry
29:16 Scale Barding Armor
33:41 Chain Barding Armor
35:49 Heavy Plow
39:14 Imperial Age
38:47 Bow Saw
39:10 Forging
39:27 Elite Mameluke
40:28 Conscription
40:37 Counterweights
Connection lost

Rejoining the realm…

Still unreachable

The connection could not be restored.

Session expired

The server has moved on; the page needs a fresh start.